[ AOE2 MATCH · #470229791 ]
UnrankedJurchens vs Bulgarians
[ REPLAY ANALYSIS · EXTRACTED FROM THE RECORDED GAME ]
Feudal
11:33
Castle
15:10
Imperial
32:29
| APM avg | 17.4 |
| APM peak | 38 |
| eAPM avg | 12.9 |
| Villagers / military | 162 / 588 |
Focus
⚔️ 38.5% · 🌾 61.5%
Spearman ×362 · Fire Lancer ×215 · Unknown (1908) ×48 · Trebuchet (Packed) ×9 · Monk ×2
Feudal
11:52
Castle
16:38
Imperial
—
| APM avg | 8.8 |
| APM peak | 39 |
| eAPM avg | 6.2 |
| Villagers / military | 58 / 22 |
Focus
⚔️ 36.1% · 🌾 63.9%
Militia ×13 · Battering Ram ×5 · Spearman ×3 · Mangonel ×1
Feudal
11:23
Castle
14:58
Imperial
29:42
| APM avg | 33.9 |
| APM peak | 91 |
| eAPM avg | 22.7 |
| Villagers / military | 289 / 262 |
Focus
⚔️ 31.5% · 🌾 68.5%
Monk ×169 · Spearman ×47 · Bombard Cannon ×32 · Hand Cannoneer ×8 · Mangonel ×3 · Hussite Wagon ×2
Feudal
11:06
Castle
14:55
Imperial
33:17
| APM avg | 43.7 |
| APM peak | 111 |
| eAPM avg | 19.1 |
| Villagers / military | 163 / 592 |
Focus
⚔️ 38.0% · 🌾 62.0%
Militia ×303 · Spearman ×153 · Boyar ×116 · Trade Cart ×22 · Trebuchet (Packed) ×13 · Scorpion ×4
Feudal
10:56
Castle
14:28
Imperial
25:29
| APM avg | 61.3 |
| APM peak | 110 |
| eAPM avg | 33.3 |
| Villagers / military | 97 / 486 |
Focus
⚔️ 35.9% · 🌾 64.1%
Spearman ×412 · Militia ×46 · Bombard Cannon ×22 · Monk ×2 · Mangonel ×2 · Scorpion ×2
Feudal
10:51
Castle
15:07
Imperial
30:42
| APM avg | 19.7 |
| APM peak | 66 |
| eAPM avg | 11.2 |
| Villagers / military | 138 / 106 |
Focus
⚔️ 24.1% · 🌾 75.9%
Knight ×104 · Battering Ram ×2
Feudal
10:05
Castle
13:38
Imperial
29:24
| APM avg | 43.1 |
| APM peak | 77 |
| eAPM avg | 32.1 |
| Villagers / military | 261 / 508 |
Focus
⚔️ 40.3% · 🌾 59.7%
Monaspa ×326 · Scout Cavalry ×116 · Cavalry Archer ×59 · Trade Cart ×18 · Trebuchet (Packed) ×6 · Monk ×1
Feudal
11:21
Castle
16:49
Imperial
36:12
| APM avg | 19.1 |
| APM peak | 40 |
| eAPM avg | 12.0 |
| Villagers / military | 90 / 377 |
Focus
⚔️ 36.4% · 🌾 63.6%
Gbeto ×127 · Scout Cavalry ×105 · Spearman ×99 · Camel Scout ×21 · Trade Cart ×15 · Trebuchet (Packed) ×12
Match map
Initial resources + every placement click. Lines = walls · curves = elevation contours. ◆ gold · ⬟ stone · ● berries · ✦ relic · ◌ wall gap
Your base· ✓ Closed at 15:10 · 0t walls · 2 gate(s)
(JP) JR's base· ✓ Closed at 16:38 · 0t walls · 2 gate(s)
Quando's base· ✓ Closed at 14:58 · 0t walls · 2 gate(s)
AML4554's base· ✓ Closed at 14:55 · 0t walls · 3 gate(s)
Dariusz II's base· ✓ Closed at 14:28 · 0t walls · 3 gate(s)
Fr4ggi's base· ✓ Closed at 15:07 · 0t walls · 3 gate(s)
Goku.'s base· ✓ Closed at 13:38 · 0t walls · 2 gate(s)
PJtheDcoy's base· ✓ Closed at 16:49 · 0t walls · 3 gate(s)
Smoothed initial terrain · ◌ = detected wall gap · hover for details
Inputs per minute
— Relief - - (JP) JR
Build order — Relief
First 150 of 557 actions detected
| 0:02 | Queue | Villager (Male) |
| 0:02 | Queue | Villager (Male) |
| 0:02 | Queue | Villager (Male) |
| 0:04 | Build | House |
| 0:06 | Build | House |
| 0:26 | Queue | Villager (Male) |
| 0:26 | Queue | Villager (Male) |
| 1:34 | Queue | Villager (Male) |
| 1:39 | Queue | Villager (Male) |
| 1:45 | Build | Lumber Camp |
| 2:14 | Queue | Villager (Male) |
| 2:58 | Queue | Villager (Male) |
| 2:59 | Queue | Villager (Male) |
| 3:30 | Queue | Villager (Male) |
| 3:53 | Build | House |
| 3:54 | Build | House |
| 4:11 | Queue | Villager (Male) |
| 4:23 | Build | Mill |
| 4:34 | Queue | Villager (Male) |
| 4:55 | Queue | Villager (Male) |
| 5:28 | Queue | Villager (Male) |
| 6:03 | Queue | Villager (Male) |
| 6:15 | Build | Farm |
| 6:18 | Build | Farm |
| 6:23 | Build | Farm |
| 6:24 | Queue | Villager (Male) |
| 6:29 | Queue | Villager (Male) |
| 6:45 | Queue | Villager (Male) |
| 7:06 | Queue | Villager (Male) |
| 7:30 | Build | House |
| 7:49 | Build | Mining Camp |
| 7:56 | Queue | Villager (Male) |
| 8:08 | Queue | Villager (Male) |
| 8:12 | Queue | Villager (Male) |
| 9:00 | Research | Feudal Age |
| 9:07 | Build | Mining Camp |
| 9:26 | Queue | Villager (Male) |
| 9:26 | Queue | Villager (Male) |
| 11:33 | Age | Feudal Age |
| 11:38 | Build | Market |
| 11:43 | Build | Blacksmith |
| 11:56 | Build | House |
| 12:30 | Research | Castle Age |
| 13:13 | Research | Double-Bit Axe |
| 13:17 | Research | Horse Collar |
| 14:57 | Queue | Villager (Male) |
| 14:58 | Queue | Villager (Male) |
| 15:10 | Age | Castle Age |
| 15:32 | Build | Town Center |
| 15:45 | Build | Monastery |
| 16:14 | Queue | Villager (Male) |
| 16:15 | Queue | Villager (Male) |
| 16:42 | Build | House |
| 16:44 | Build | House |
| 17:14 | Build | Castle |
| 17:19 | Queue | Villager (Male) |
| 17:22 | Queue | Villager (Male) |
| 17:22 | Queue | Villager (Male) |
| 17:25 | Queue | Villager (Male) |
| 17:34 | Build | Farm |
| 17:37 | Build | Farm |
| 17:40 | Build | Farm |
| 17:41 | Queue | Villager (Male) |
| 17:50 | Build | House |
| 17:51 | Build | House |
| 17:52 | Build | House |
| 17:54 | Queue | Villager (Male) |
| 18:02 | Build | Farm |
| 18:03 | Queue | Villager (Male) |
| 18:18 | Build | Farm |
| 18:20 | Queue | Villager (Male) |
| 18:48 | Build | Town Center |
| 18:49 | Queue | Villager (Male) |
| 18:52 | Build | Farm |
| 18:53 | Queue | Villager (Male) |
| 19:02 | Queue | Villager (Male) |
| 19:04 | Queue | Villager (Male) |
| 19:10 | Build | Farm |
| 19:15 | Queue | Villager (Male) |
| 19:22 | Queue | Unit 1908 |
| 19:29 | Queue | Monk |
| 19:50 | Build | Farm |
| 19:51 | Queue | Villager (Male) |
| 19:56 | Build | Farm |
| 19:58 | Build | Farm |
| 19:59 | Queue | Villager (Male) |
| 20:03 | Build | House |
| 20:08 | Queue | Villager (Male) |
| 20:46 | Queue | Unit 1908 |
| 20:53 | Queue | Villager (Male) |
| 20:56 | Queue | Unit 1908 |
| 21:13 | Queue | Villager (Male) |
| 21:14 | Queue | Villager (Male) |
| 21:17 | Build | House |
| 21:18 | Build | House |
| 21:40 | Queue | Unit 1908 |
| 21:42 | Queue | Unit 1908 |
| 21:52 | Queue | Villager (Male) |
| 21:53 | Queue | Villager (Male) |
| 21:54 | Research | Loom |
| 21:58 | Build | Farm |
| 22:04 | Build | Farm |
| 22:07 | Build | Farm |
| 22:10 | Build | Farm |
| 22:11 | Queue | Villager (Male) |
| 22:43 | Queue | Villager (Male) |
| 22:51 | Build | House |
| 22:53 | Build | House |
| 22:58 | Queue | Villager (Male) |
| 22:59 | Queue | Villager (Male) |
| 22:59 | Queue | Villager (Male) |
| 23:04 | Queue | Monk |
| 23:09 | Research | Wheelbarrow |
| 23:14 | Build | Farm |
| 23:16 | Build | Farm |
| 23:21 | Build | Farm |
| 23:23 | Build | Farm |
| 23:26 | Queue | Villager (Male) |
| 23:26 | Queue | Villager (Male) |
| 23:34 | Build | Farm |
| 23:36 | Queue | Villager (Male) |
| 23:36 | Queue | Villager (Male) |
| 24:01 | Queue | Villager (Male) |
| 24:02 | Queue | Villager (Male) |
| 24:06 | Build | House |
| 24:07 | Build | House |
| 24:22 | Queue | Villager (Male) |
| 24:27 | Build | Farm |
| 24:31 | Build | Farm |
| 24:33 | Queue | Villager (Male) |
| 24:33 | Queue | Villager (Male) |
| 24:36 | Research | Bow Saw |
| 24:47 | Build | Mill |
| 24:48 | Build | Farm |
| 24:48 | Build | Farm |
| 24:49 | Build | Farm |
| 24:49 | Build | Farm |
| 24:50 | Build | Farm |
| 24:50 | Build | Farm |
| 24:50 | Build | Farm |
| 24:51 | Build | Farm |
| 25:02 | Queue | Villager (Male) |
| 25:03 | Queue | Villager (Male) |
| 25:09 | Research | Heavy Plow |
| 25:13 | Build | House |
| 25:15 | Build | House |
| 25:15 | Build | House |
| 25:17 | Queue | Villager (Male) |
| 25:17 | Queue | Villager (Male) |
| 25:48 | Queue | Villager (Male) |
Build order — (JP) JR
145 actions detected in the replay
| 0:01 | Queue | Villager (Male) |
| 0:01 | Queue | Villager (Male) |
| 0:02 | Queue | Villager (Male) |
| 0:02 | Queue | Villager (Male) |
| 0:02 | Queue | Villager (Male) |
| 0:04 | Build | House |
| 0:07 | Build | House |
| 1:22 | Queue | Villager (Male) |
| 1:23 | Queue | Villager (Male) |
| 2:15 | Queue | Villager (Male) |
| 2:15 | Queue | Villager (Male) |
| 2:15 | Queue | Villager (Male) |
| 2:33 | Queue | Villager (Male) |
| 2:34 | Queue | Villager (Male) |
| 3:23 | Queue | Villager (Male) |
| 3:23 | Queue | Villager (Male) |
| 3:24 | Queue | Villager (Male) |
| 3:51 | Build | House |
| 4:23 | Queue | Villager (Male) |
| 4:23 | Queue | Villager (Male) |
| 4:23 | Queue | Villager (Male) |
| 4:23 | Queue | Villager (Male) |
| 4:31 | Build | Lumber Camp |
| 4:40 | Build | Mill |
| 5:14 | Queue | Villager (Male) |
| 5:31 | Queue | Villager (Male) |
| 5:54 | Build | House |
| 6:04 | Queue | Villager (Male) |
| 6:09 | Build | House |
| 6:10 | Build | House |
| 6:19 | Queue | Villager (Male) |
| 7:30 | Queue | Villager (Male) |
| 7:31 | Queue | Villager (Male) |
| 7:32 | Queue | Villager (Male) |
| 7:38 | Build | Mining Camp |
| 7:58 | Queue | Villager (Male) |
| 8:02 | Queue | Villager (Male) |
| 9:39 | Queue | Villager (Male) |
| 9:41 | Research | Feudal Age |
| 11:07 | Queue | Villager (Male) |
| 11:45 | Queue | Villager (Male) |
| 11:52 | Age | Feudal Age |
| 11:57 | Queue | Villager (Male) |
| 12:03 | Build | Blacksmith |
| 12:09 | Build | Market |
| 12:32 | Build | Barracks |
| 12:45 | Build | Farm |
| 12:47 | Build | Farm |
| 12:49 | Build | Farm |
| 13:36 | Build | Farm |
| 13:58 | Research | Castle Age |
| 14:27 | Build | House |
| 14:30 | Build | House |
| 14:37 | Research | Double-Bit Axe |
| 14:43 | Build | Farm |
| 15:05 | Build | Mining Camp |
| 15:15 | Queue | Militia |
| 15:15 | Queue | Militia |
| 15:28 | Build | Farm |
| 15:29 | Build | Farm |
| 15:30 | Build | Farm |
| 15:31 | Build | Farm |
| 15:37 | Queue | Villager (Male) |
| 15:45 | Queue | Militia |
| 16:10 | Build | Farm |
| 16:15 | Queue | Militia |
| 16:30 | Queue | Militia |
| 16:38 | Age | Castle Age |
| 16:47 | Build | Siege Workshop |
| 16:49 | Queue | Villager (Male) |
| 16:50 | Research | Loom |
| 17:09 | Queue | Villager (Male) |
| 17:15 | Queue | Militia |
| 17:17 | Queue | Militia |
| 17:50 | Queue | Villager (Male) |
| 18:05 | Queue | Militia |
| 18:13 | Queue | Battering Ram |
| 18:25 | Queue | Villager (Male) |
| 18:28 | Queue | Militia |
| 18:50 | Queue | Militia |
| 18:52 | Queue | Battering Ram |
| 18:58 | Build | Farm |
| 19:05 | Queue | Villager (Male) |
| 19:22 | Queue | Militia |
| 19:34 | Queue | Villager (Male) |
| 19:38 | Build | Farm |
| 19:41 | Queue | Battering Ram |
| 19:49 | Queue | Villager (Male) |
| 19:54 | Queue | Militia |
| 20:12 | Queue | Villager (Male) |
| 20:18 | Build | House |
| 20:19 | Build | House |
| 20:21 | Build | House |
| 20:24 | Queue | Battering Ram |
| 20:27 | Queue | Militia |
| 20:37 | Research | Scale Mail Armor |
| 20:45 | Build | House |
| 20:46 | Build | House |
| 20:47 | Build | House |
| 20:56 | Research | Forging |
| 21:08 | Queue | Battering Ram |
| 21:12 | Queue | Villager (Male) |
| 21:16 | Build | House |
| 21:51 | Research | Chain Mail Armor |
| 22:03 | Queue | Spearman |
| 22:03 | Queue | Spearman |
| 22:03 | Queue | Spearman |
| 22:25 | Research | Squires |
| 22:40 | Research | Iron Casting |
| 23:06 | Research | Gambesons |
| 23:52 | Build | Stone Wall |
| 24:05 | Build | House |
| 24:06 | Build | House |
| 24:08 | Build | House |
| 24:09 | Build | House |
| 24:11 | Queue | Villager (Male) |
| 24:21 | Build | Castle |
| 24:24 | Queue | Villager (Male) |
| 24:32 | Queue | Mangonel |
| 24:37 | Queue | Villager (Male) |
| 24:38 | Queue | Villager (Male) |
| 24:38 | Queue | Villager (Male) |
| 25:35 | Build | Stone Wall |
| 26:20 | Queue | Villager (Male) |
| 26:20 | Queue | Villager (Male) |
| 26:48 | Build | Stone Wall |
| 26:52 | Build | Stone Wall |
| 26:55 | Build | Stone Wall |
| 27:28 | Build | Krepost |
| 27:49 | Build | House |
| 28:21 | Build | University |
| 28:47 | Build | Gate |
| 29:44 | Research | Murder Holes |
| 29:46 | Build | Farm |
| 30:05 | Queue | Villager (Male) |
| 30:05 | Queue | Villager (Male) |
| 30:05 | Queue | Villager (Male) |
| 30:29 | Build | Gate |
| 30:32 | Queue | Villager (Male) |
| 31:32 | Queue | Villager (Male) |
| 31:34 | Queue | Villager (Male) |
| 31:34 | Queue | Villager (Male) |
| 31:34 | Queue | Villager (Male) |
| 31:51 | Queue | Villager (Male) |
| 34:51 | Build | Gate |
Build order — Quando
First 150 of 667 actions detected
| 0:00 | Queue | Villager (Male) |
| 0:00 | Queue | Villager (Male) |
| 0:01 | Queue | Villager (Male) |
| 0:01 | Queue | Villager (Male) |
| 0:02 | Build | House |
| 0:03 | Build | House |
| 1:30 | Queue | Villager (Male) |
| 1:51 | Build | Lumber Camp |
| 2:08 | Queue | Villager (Male) |
| 2:09 | Queue | Villager (Male) |
| 2:09 | Queue | Villager (Male) |
| 2:46 | Queue | Villager (Male) |
| 2:51 | Queue | Villager (Male) |
| 3:23 | Queue | Villager (Male) |
| 3:23 | Queue | Villager (Male) |
| 3:51 | Queue | Villager (Male) |
| 3:57 | Build | House |
| 3:58 | Build | House |
| 3:59 | Build | House |
| 4:15 | Queue | Villager (Male) |
| 4:58 | Queue | Villager (Male) |
| 5:06 | Queue | Villager (Male) |
| 5:50 | Queue | Villager (Male) |
| 5:51 | Queue | Villager (Male) |
| 6:02 | Build | Mill |
| 6:17 | Queue | Villager (Male) |
| 6:35 | Queue | Villager (Male) |
| 7:30 | Queue | Villager (Male) |
| 7:30 | Queue | Villager (Male) |
| 7:39 | Build | Mining Camp |
| 7:55 | Build | Farm |
| 7:59 | Build | Farm |
| 8:14 | Queue | Villager (Male) |
| 8:15 | Queue | Villager (Male) |
| 9:08 | Research | Feudal Age |
| 9:16 | Build | Mining Camp |
| 9:29 | Queue | Villager (Male) |
| 9:30 | Queue | Villager (Male) |
| 11:23 | Age | Feudal Age |
| 11:24 | Build | Market |
| 11:27 | Build | Blacksmith |
| 12:18 | Research | Castle Age |
| 12:36 | Research | Double-Bit Axe |
| 12:36 | Research | Double-Bit Axe |
| 12:52 | Research | Horse Collar |
| 13:01 | Build | Farm |
| 13:05 | Build | Farm |
| 13:19 | Build | House |
| 13:26 | Research | Loom |
| 14:12 | Build | House |
| 14:58 | Age | Castle Age |
| 15:01 | Build | Town Center |
| 15:13 | Build | Castle |
| 15:24 | Queue | Villager (Male) |
| 15:27 | Build | Siege Workshop |
| 15:33 | Queue | Villager (Male) |
| 16:06 | Queue | Villager (Male) |
| 16:08 | Build | Farm |
| 16:24 | Queue | Villager (Male) |
| 16:25 | Queue | Villager (Male) |
| 16:25 | Queue | Villager (Male) |
| 16:26 | Queue | Villager (Male) |
| 16:33 | Queue | Mangonel |
| 16:59 | Build | Farm |
| 17:01 | Build | Farm |
| 17:11 | Queue | Villager (Male) |
| 17:11 | Queue | Villager (Male) |
| 17:15 | Build | Farm |
| 17:35 | Build | Farm |
| 17:50 | Queue | Villager (Male) |
| 17:53 | Build | Farm |
| 18:02 | Build | Mining Camp |
| 18:03 | Queue | Villager (Male) |
| 18:10 | Queue | Hussite Wagon |
| 18:21 | Build | Farm |
| 18:26 | Queue | Villager (Male) |
| 18:26 | Queue | Villager (Male) |
| 18:37 | Queue | Villager (Male) |
| 18:37 | Queue | Villager (Male) |
| 18:54 | Build | Farm |
| 18:56 | Build | Farm |
| 18:56 | Build | Farm |
| 19:00 | Build | Farm |
| 19:03 | Queue | Villager (Male) |
| 19:17 | Queue | Villager (Male) |
| 19:27 | Queue | Villager (Male) |
| 19:32 | Queue | Mangonel |
| 19:48 | Queue | Villager (Male) |
| 19:48 | Queue | Villager (Male) |
| 19:51 | Build | Farm |
| 19:55 | Build | Farm |
| 19:57 | Build | Farm |
| 19:59 | Queue | Villager (Male) |
| 19:59 | Queue | Villager (Male) |
| 20:04 | Queue | Villager (Male) |
| 20:12 | Build | Farm |
| 20:20 | Build | Monastery |
| 20:32 | Queue | Villager (Male) |
| 20:33 | Queue | Villager (Male) |
| 20:39 | Queue | Villager (Male) |
| 20:49 | Queue | Villager (Male) |
| 20:49 | Queue | Villager (Male) |
| 21:00 | Queue | Villager (Male) |
| 21:08 | Build | Town Center |
| 21:09 | Queue | Monk |
| 21:11 | Queue | Villager (Male) |
| 21:12 | Queue | Villager (Male) |
| 21:27 | Queue | Villager (Male) |
| 21:28 | Queue | Villager (Male) |
| 21:28 | Queue | Villager (Male) |
| 21:31 | Queue | Mangonel |
| 21:34 | Queue | Villager (Male) |
| 21:34 | Queue | Villager (Male) |
| 21:59 | Research | Bow Saw |
| 22:09 | Queue | Villager (Male) |
| 22:09 | Queue | Villager (Male) |
| 22:24 | Queue | Villager (Male) |
| 22:24 | Queue | Villager (Male) |
| 22:24 | Queue | Villager (Male) |
| 22:40 | Build | Town Center |
| 22:51 | Queue | Villager (Male) |
| 23:11 | Research | Heavy Plow |
| 23:12 | Queue | Villager (Male) |
| 23:13 | Queue | Villager (Male) |
| 23:13 | Queue | Villager (Male) |
| 23:15 | Build | Farm |
| 23:15 | Build | Farm |
| 23:26 | Queue | Villager (Male) |
| 23:31 | Build | Farm |
| 23:35 | Build | Farm |
| 23:36 | Queue | Villager (Male) |
| 23:37 | Queue | Villager (Male) |
| 23:37 | Queue | Villager (Male) |
| 23:53 | Build | Farm |
| 23:53 | Build | Farm |
| 23:54 | Build | Farm |
| 23:54 | Build | Farm |
| 23:58 | Queue | Villager (Male) |
| 23:59 | Queue | Villager (Male) |
| 24:05 | Build | Farm |
| 24:06 | Build | Farm |
| 24:07 | Queue | Villager (Male) |
| 24:07 | Queue | Villager (Male) |
| 24:20 | Queue | Villager (Male) |
| 24:20 | Queue | Villager (Male) |
| 24:22 | Research | Fervor |
| 24:26 | Queue | Villager (Male) |
| 24:26 | Queue | Villager (Male) |
| 24:43 | Queue | Villager (Male) |
| 24:50 | Build | Mill |
Build order — AML4554
First 150 of 604 actions detected
| 0:02 | Queue | Villager (Male) |
| 0:02 | Queue | Villager (Male) |
| 0:02 | Queue | Villager (Male) |
| 0:02 | Queue | Villager (Male) |
| 0:02 | Queue | Villager (Male) |
| 0:05 | Build | House |
| 0:10 | Build | House |
| 1:38 | Queue | Villager (Male) |
| 1:38 | Queue | Villager (Male) |
| 2:16 | Queue | Villager (Male) |
| 2:16 | Queue | Villager (Male) |
| 2:16 | Queue | Villager (Male) |
| 2:31 | Queue | Villager (Male) |
| 2:31 | Queue | Villager (Male) |
| 2:31 | Queue | Villager (Male) |
| 3:08 | Queue | Villager (Male) |
| 3:08 | Queue | Villager (Male) |
| 3:09 | Queue | Villager (Male) |
| 3:12 | Build | Lumber Camp |
| 3:41 | Build | House |
| 3:42 | Build | House |
| 3:47 | Queue | Villager (Male) |
| 3:47 | Queue | Villager (Male) |
| 4:17 | Queue | Villager (Male) |
| 4:17 | Queue | Villager (Male) |
| 5:26 | Queue | Villager (Male) |
| 6:03 | Queue | Villager (Male) |
| 6:38 | Queue | Villager (Male) |
| 6:59 | Build | Mill |
| 7:13 | Queue | Villager (Male) |
| 7:13 | Queue | Villager (Male) |
| 7:34 | Queue | Villager (Male) |
| 8:18 | Queue | Villager (Male) |
| 8:19 | Research | Feudal Age |
| 8:47 | Build | Mining Camp |
| 8:58 | Build | Mining Camp |
| 9:12 | Queue | Villager (Male) |
| 9:13 | Queue | Villager (Male) |
| 9:22 | Build | Farm |
| 9:24 | Build | Farm |
| 9:48 | Build | Barracks |
| 10:40 | Build | Farm |
| 11:06 | Age | Feudal Age |
| 11:14 | Build | Blacksmith |
| 11:38 | Build | Stable |
| 12:15 | Research | Castle Age |
| 12:42 | Research | Double-Bit Axe |
| 13:07 | Research | Horse Collar |
| 13:14 | Build | Farm |
| 13:17 | Build | Farm |
| 14:31 | Queue | Villager (Male) |
| 14:31 | Queue | Villager (Male) |
| 14:55 | Age | Castle Age |
| 15:07 | Build | Town Center |
| 15:16 | Queue | Villager (Male) |
| 15:16 | Queue | Villager (Male) |
| 15:25 | Build | Monastery |
| 15:34 | Build | Farm |
| 15:58 | Build | House |
| 15:59 | Build | House |
| 16:03 | Build | House |
| 16:14 | Queue | Monk |
| 16:14 | Queue | Monk |
| 16:18 | Queue | Villager (Male) |
| 16:21 | Build | Farm |
| 16:22 | Build | Farm |
| 16:48 | Queue | Villager (Male) |
| 16:48 | Queue | Villager (Male) |
| 17:03 | Queue | Villager (Male) |
| 17:03 | Queue | Villager (Male) |
| 17:06 | Research | Bow Saw |
| 17:20 | Queue | Villager (Male) |
| 17:20 | Queue | Villager (Male) |
| 17:22 | Queue | Monk |
| 17:31 | Build | Farm |
| 17:35 | Build | Town Center |
| 17:55 | Queue | Villager (Male) |
| 17:56 | Queue | Villager (Male) |
| 17:56 | Queue | Villager (Male) |
| 18:12 | Queue | Villager (Male) |
| 18:12 | Queue | Villager (Male) |
| 18:24 | Build | Gate |
| 18:33 | Research | Loom |
| 18:37 | Build | Farm |
| 18:42 | Build | Farm |
| 18:45 | Build | Farm |
| 18:48 | Build | Farm |
| 18:50 | Build | Farm |
| 19:16 | Queue | Villager (Male) |
| 19:16 | Queue | Villager (Male) |
| 19:16 | Queue | Villager (Male) |
| 19:19 | Build | Farm |
| 19:21 | Queue | Villager (Male) |
| 19:21 | Queue | Villager (Male) |
| 19:40 | Build | Gate |
| 19:43 | Build | House |
| 19:45 | Build | House |
| 19:46 | Build | House |
| 19:48 | Queue | Villager (Male) |
| 19:48 | Queue | Villager (Male) |
| 19:48 | Queue | Villager (Male) |
| 19:51 | Build | Farm |
| 19:52 | Build | Farm |
| 19:54 | Queue | Villager (Male) |
| 19:54 | Queue | Villager (Male) |
| 20:10 | Queue | Villager (Male) |
| 20:10 | Queue | Villager (Male) |
| 20:26 | Queue | Villager (Male) |
| 20:26 | Queue | Villager (Male) |
| 20:30 | Build | Farm |
| 20:31 | Build | Farm |
| 20:33 | Build | Farm |
| 20:35 | Queue | Villager (Male) |
| 20:35 | Queue | Villager (Male) |
| 20:40 | Queue | Villager (Male) |
| 21:00 | Queue | Villager (Male) |
| 21:00 | Queue | Villager (Male) |
| 21:06 | Research | Sanctity |
| 21:08 | Queue | Villager (Male) |
| 21:08 | Queue | Villager (Male) |
| 21:14 | Build | Farm |
| 21:15 | Build | Farm |
| 21:15 | Build | Farm |
| 21:15 | Build | Farm |
| 21:15 | Build | Farm |
| 21:15 | Build | Farm |
| 21:16 | Build | Farm |
| 21:21 | Queue | Villager (Male) |
| 21:22 | Queue | Villager (Male) |
| 21:26 | Build | House |
| 21:27 | Build | House |
| 21:28 | Build | House |
| 21:44 | Queue | Villager (Male) |
| 21:44 | Queue | Villager (Male) |
| 22:08 | Build | Farm |
| 22:09 | Queue | Villager (Male) |
| 22:10 | Queue | Villager (Male) |
| 22:13 | Build | Farm |
| 22:16 | Build | Farm |
| 22:17 | Build | Farm |
| 22:21 | Queue | Villager (Male) |
| 22:21 | Queue | Villager (Male) |
| 22:22 | Queue | Villager (Male) |
| 22:22 | Queue | Villager (Male) |
| 22:44 | Queue | Villager (Male) |
| 22:44 | Queue | Villager (Male) |
| 22:44 | Queue | Villager (Male) |
| 22:55 | Build | Castle |
| 22:59 | Build | House |
| 23:01 | Build | House |
Build order — Dariusz II
First 150 of 612 actions detected
| 0:00 | Queue | Villager (Male) |
| 0:02 | Build | House |
| 0:03 | Build | House |
| 0:05 | Queue | Villager (Male) |
| 0:12 | Queue | Villager (Male) |
| 0:29 | Queue | Villager (Male) |
| 1:33 | Queue | Villager (Male) |
| 2:00 | Queue | Villager (Male) |
| 2:08 | Build | Lumber Camp |
| 2:16 | Queue | Villager (Male) |
| 2:48 | Queue | Villager (Male) |
| 2:55 | Queue | Villager (Male) |
| 3:13 | Queue | Villager (Male) |
| 3:44 | Queue | Villager (Male) |
| 3:53 | Queue | Villager (Male) |
| 4:00 | Build | House |
| 4:32 | Queue | Villager (Male) |
| 4:33 | Queue | Villager (Male) |
| 4:47 | Build | Mill |
| 5:46 | Queue | Villager (Male) |
| 5:56 | Build | House |
| 6:13 | Queue | Villager (Male) |
| 6:37 | Queue | Villager (Male) |
| 6:57 | Queue | Villager (Male) |
| 7:22 | Queue | Villager (Male) |
| 7:24 | Build | Farm |
| 7:29 | Build | Farm |
| 7:34 | Build | Farm |
| 7:37 | Build | Farm |
| 7:44 | Queue | Villager (Male) |
| 7:50 | Queue | Villager (Male) |
| 7:55 | Research | Feudal Age |
| 8:30 | Build | Mining Camp |
| 9:03 | Build | House |
| 9:27 | Queue | Villager (Male) |
| 10:09 | Queue | Villager (Male) |
| 10:56 | Age | Feudal Age |
| 11:00 | Build | Market |
| 11:03 | Build | Blacksmith |
| 11:37 | Research | Double-Bit Axe |
| 11:48 | Research | Castle Age |
| 12:16 | Research | Horse Collar |
| 12:19 | Build | Farm |
| 12:20 | Build | Farm |
| 12:26 | Build | Farm |
| 12:30 | Build | Farm |
| 13:28 | Queue | Villager (Male) |
| 13:35 | Build | House |
| 13:47 | Build | House |
| 13:58 | Queue | Villager (Male) |
| 14:28 | Age | Castle Age |
| 14:31 | Build | Town Center |
| 14:59 | Queue | Villager (Male) |
| 15:13 | Build | University |
| 15:28 | Queue | Villager (Male) |
| 15:37 | Queue | Villager (Male) |
| 15:38 | Queue | Villager (Male) |
| 15:38 | Queue | Villager (Male) |
| 15:39 | Queue | Villager (Male) |
| 15:40 | Queue | Villager (Male) |
| 15:45 | Build | Farm |
| 15:48 | Build | Farm |
| 15:50 | Build | Farm |
| 15:53 | Build | Farm |
| 15:56 | Build | Farm |
| 15:59 | Build | Farm |
| 16:03 | Build | Farm |
| 16:04 | Queue | Villager (Male) |
| 16:07 | Build | Farm |
| 16:08 | Queue | Villager (Male) |
| 16:11 | Build | Farm |
| 16:12 | Queue | Villager (Male) |
| 16:27 | Build | House |
| 16:33 | Queue | Villager (Male) |
| 16:38 | Queue | Villager (Male) |
| 16:55 | Build | Gate |
| 17:00 | Build | Stone Wall |
| 17:01 | Build | Stone Wall |
| 17:15 | Build | Siege Workshop |
| 17:28 | Research | Murder Holes |
| 17:32 | Research | Fortified Wall (upgrade) |
| 17:33 | Queue | Villager (Male) |
| 17:42 | Build | House |
| 18:08 | Queue | Villager (Male) |
| 18:09 | Queue | Villager (Male) |
| 18:12 | Research | Wheelbarrow |
| 18:13 | Research | Loom |
| 18:20 | Queue | Mangonel |
| 18:28 | Research | Fletching |
| 18:48 | Build | Farm |
| 19:37 | Queue | Mangonel |
| 19:53 | Queue | Villager (Male) |
| 19:54 | Queue | Villager (Male) |
| 19:57 | Build | Farm |
| 20:01 | Build | Farm |
| 20:04 | Build | Farm |
| 20:09 | Queue | Villager (Male) |
| 20:12 | Queue | Villager (Male) |
| 20:19 | Build | House |
| 21:03 | Build | Stone Wall |
| 21:29 | Queue | Villager (Male) |
| 21:30 | Queue | Villager (Male) |
| 21:33 | Build | Monastery |
| 21:45 | Build | House |
| 22:19 | Research | Imperial Age |
| 22:21 | Queue | Monk |
| 22:23 | Queue | Monk |
| 22:37 | Build | Barracks |
| 22:47 | Build | Farm |
| 22:57 | Build | Barracks |
| 23:05 | Research | Scale Mail Armor |
| 23:05 | Research | Forging |
| 23:08 | Build | Farm |
| 23:22 | Build | Monastery |
| 23:25 | Build | Market |
| 23:57 | Research | Chemistry |
| 24:21 | Build | Stone Wall |
| 24:29 | Build | Stone Wall |
| 24:36 | Research | Ballistics |
| 24:41 | Research | Pikeman (upgrade) |
| 24:51 | Queue | Villager (Male) |
| 24:53 | Queue | Villager (Male) |
| 25:09 | Research | Bow Saw |
| 25:29 | Age | Imperial Age |
| 25:31 | Queue | Villager (Male) |
| 25:31 | Queue | Villager (Male) |
| 25:47 | Queue | Bombard Cannon |
| 25:47 | Queue | Bombard Cannon |
| 26:27 | Queue | Villager (Male) |
| 26:27 | Queue | Villager (Male) |
| 26:27 | Queue | Villager (Male) |
| 26:28 | Queue | Villager (Male) |
| 26:40 | Build | Stone Wall |
| 26:42 | Build | Farm |
| 27:05 | Queue | Villager (Male) |
| 27:09 | Queue | Bombard Cannon |
| 27:25 | Queue | Spearman |
| 27:25 | Queue | Spearman |
| 27:26 | Queue | Spearman |
| 27:26 | Queue | Spearman |
| 27:26 | Queue | Spearman |
| 27:27 | Queue | Spearman |
| 27:30 | Queue | Villager (Male) |
| 27:32 | Build | Farm |
| 27:34 | Build | House |
| 27:38 | Build | House |
| 27:40 | Build | House |
| 27:40 | Build | House |
| 27:47 | Research | Town Watch |
| 27:50 | Research | Wheelbarrow |
Build order — Fr4ggi
First 150 of 362 actions detected
| 0:02 | Queue | Villager (Male) |
| 0:04 | Build | House |
| 0:07 | Build | House |
| 0:41 | Queue | Villager (Male) |
| 1:07 | Queue | Villager (Male) |
| 1:07 | Queue | Villager (Male) |
| 1:22 | Queue | Villager (Male) |
| 1:39 | Queue | Villager (Male) |
| 2:00 | Build | Lumber Camp |
| 2:14 | Queue | Villager (Male) |
| 2:34 | Queue | Villager (Male) |
| 3:37 | Queue | Villager (Male) |
| 3:37 | Queue | Villager (Male) |
| 4:07 | Build | House |
| 4:22 | Queue | Villager (Male) |
| 4:22 | Queue | Villager (Male) |
| 4:29 | Build | Mill |
| 4:49 | Queue | Villager (Male) |
| 5:34 | Queue | Villager (Male) |
| 5:43 | Queue | Villager (Male) |
| 5:54 | Build | House |
| 6:16 | Queue | Villager (Male) |
| 6:35 | Queue | Villager (Male) |
| 6:50 | Queue | Villager (Male) |
| 7:04 | Build | Farm |
| 7:06 | Queue | Villager (Male) |
| 7:35 | Build | Farm |
| 7:53 | Queue | Villager (Male) |
| 8:11 | Queue | Villager (Male) |
| 8:24 | Build | Farm |
| 8:31 | Queue | Villager (Male) |
| 8:37 | Research | Feudal Age |
| 8:46 | Build | Mining Camp |
| 8:48 | Queue | Villager (Male) |
| 9:14 | Build | Barracks |
| 9:23 | Build | House |
| 10:23 | Build | Farm |
| 10:31 | Queue | Villager (Male) |
| 10:51 | Age | Feudal Age |
| 11:00 | Build | Stable |
| 11:26 | Queue | Villager (Male) |
| 11:43 | Build | Blacksmith |
| 11:47 | Queue | Villager (Male) |
| 12:08 | Build | House |
| 12:16 | Queue | Villager (Male) |
| 12:26 | Build | Farm |
| 12:42 | Research | Castle Age |
| 13:04 | Build | Farm |
| 13:31 | Research | Double-Bit Axe |
| 13:45 | Build | Farm |
| 13:50 | Research | Horse Collar |
| 13:58 | Queue | Villager (Male) |
| 14:08 | Research | Bloodlines |
| 14:36 | Build | Farm |
| 14:58 | Research | Forging |
| 15:06 | Build | Farm |
| 15:07 | Age | Castle Age |
| 15:13 | Queue | Knight |
| 15:26 | Build | Farm |
| 15:35 | Build | Town Center |
| 15:39 | Build | Farm |
| 16:02 | Queue | Villager (Male) |
| 16:08 | Queue | Villager (Male) |
| 16:43 | Build | Farm |
| 16:55 | Queue | Knight |
| 17:03 | Build | House |
| 17:06 | Build | House |
| 17:22 | Queue | Knight |
| 17:50 | Queue | Villager (Male) |
| 17:51 | Queue | Villager (Male) |
| 18:00 | Research | Wheelbarrow |
| 18:02 | Queue | Villager (Male) |
| 18:03 | Queue | Villager (Male) |
| 18:34 | Build | Town Center |
| 18:46 | Research | Gold Mining |
| 18:50 | Queue | Villager (Male) |
| 18:50 | Queue | Villager (Male) |
| 19:11 | Research | Bow Saw |
| 19:14 | Queue | Villager (Male) |
| 19:15 | Queue | Villager (Male) |
| 19:23 | Build | Farm |
| 19:31 | Queue | Villager (Male) |
| 19:43 | Build | House |
| 19:45 | Build | House |
| 19:47 | Queue | Knight |
| 20:11 | Queue | Knight |
| 20:26 | Research | Scale Barding Armor |
| 20:29 | Queue | Villager (Male) |
| 20:55 | Build | Farm |
| 21:00 | Build | Farm |
| 21:01 | Queue | Villager (Male) |
| 21:01 | Queue | Villager (Male) |
| 21:04 | Queue | Villager (Male) |
| 21:14 | Build | Farm |
| 21:23 | Queue | Villager (Male) |
| 21:23 | Queue | Villager (Male) |
| 22:01 | Build | House |
| 22:06 | Build | Stable |
| 22:12 | Queue | Villager (Male) |
| 22:12 | Queue | Villager (Male) |
| 22:13 | Queue | Villager (Male) |
| 22:13 | Queue | Villager (Male) |
| 22:14 | Queue | Villager (Male) |
| 22:49 | Build | House |
| 22:50 | Build | House |
| 22:56 | Research | Husbandry |
| 23:13 | Build | Siege Workshop |
| 23:26 | Build | University |
| 23:34 | Queue | Villager (Male) |
| 23:39 | Research | Hand Cart |
| 23:46 | Build | Farm |
| 23:51 | Build | Farm |
| 23:55 | Build | Farm |
| 24:02 | Queue | Villager (Male) |
| 24:03 | Queue | Villager (Male) |
| 24:09 | Queue | Knight |
| 24:34 | Build | Farm |
| 24:36 | Build | Farm |
| 24:48 | Build | Farm |
| 24:54 | Queue | Villager (Male) |
| 24:54 | Queue | Villager (Male) |
| 24:57 | Build | Farm |
| 25:31 | Build | Mining Camp |
| 25:33 | Build | Farm |
| 25:35 | Queue | Villager (Male) |
| 25:43 | Build | Lumber Camp |
| 25:47 | Research | Heavy Plow |
| 25:49 | Queue | Villager (Male) |
| 25:50 | Queue | Villager (Male) |
| 26:04 | Build | Farm |
| 26:09 | Build | Farm |
| 26:11 | Build | Farm |
| 26:13 | Build | Farm |
| 26:15 | Build | Farm |
| 26:23 | Queue | Villager (Male) |
| 26:23 | Queue | Villager (Male) |
| 26:30 | Queue | Villager (Male) |
| 26:30 | Queue | Villager (Male) |
| 26:39 | Build | Farm |
| 26:43 | Build | Farm |
| 26:58 | Queue | Villager (Male) |
| 27:04 | Queue | Villager (Male) |
| 27:23 | Build | Farm |
| 27:27 | Queue | Villager (Male) |
| 27:36 | Build | Farm |
| 27:39 | Build | Farm |
| 27:42 | Build | Farm |
| 27:55 | Research | Imperial Age |
| 27:57 | Queue | Villager (Male) |
| 27:57 | Queue | Villager (Male) |
Build order — Goku.
First 150 of 971 actions detected
| 0:00 | Queue | Villager (Male) |
| 0:01 | Queue | Villager (Male) |
| 0:01 | Queue | Villager (Male) |
| 0:01 | Queue | Villager (Male) |
| 0:02 | Build | House |
| 0:04 | Build | House |
| 1:26 | Queue | Villager (Male) |
| 1:26 | Queue | Villager (Male) |
| 2:01 | Queue | Villager (Male) |
| 2:01 | Queue | Villager (Male) |
| 2:14 | Queue | Villager (Male) |
| 2:14 | Queue | Villager (Male) |
| 2:14 | Queue | Villager (Male) |
| 2:51 | Queue | Villager (Male) |
| 2:52 | Queue | Villager (Male) |
| 2:52 | Queue | Villager (Male) |
| 3:24 | Queue | Villager (Male) |
| 3:24 | Queue | Villager (Male) |
| 3:32 | Build | House |
| 3:33 | Build | House |
| 3:34 | Queue | Villager (Male) |
| 3:35 | Queue | Villager (Male) |
| 4:04 | Build | Mill |
| 4:16 | Queue | Villager (Male) |
| 4:16 | Queue | Villager (Male) |
| 4:52 | Queue | Villager (Male) |
| 4:52 | Queue | Villager (Male) |
| 5:14 | Queue | Villager (Male) |
| 5:50 | Queue | Villager (Male) |
| 5:50 | Queue | Villager (Male) |
| 5:51 | Queue | Villager (Male) |
| 6:13 | Queue | Villager (Male) |
| 6:13 | Queue | Villager (Male) |
| 6:14 | Queue | Villager (Male) |
| 6:14 | Queue | Villager (Male) |
| 6:46 | Queue | Villager (Male) |
| 6:46 | Queue | Villager (Male) |
| 7:36 | Build | Mule Cart |
| 7:47 | Research | Feudal Age |
| 7:47 | Research | Feudal Age |
| 7:47 | Research | Feudal Age |
| 8:01 | Build | House |
| 8:34 | Queue | Villager (Male) |
| 8:34 | Queue | Villager (Male) |
| 10:05 | Age | Feudal Age |
| 10:07 | Build | Blacksmith |
| 10:09 | Build | Market |
| 10:58 | Research | Castle Age |
| 10:58 | Research | Castle Age |
| 10:58 | Research | Castle Age |
| 11:16 | Research | Horse Collar |
| 11:17 | Research | Horse Collar |
| 11:21 | Build | Farm |
| 11:26 | Build | Farm |
| 11:29 | Build | Farm |
| 11:56 | Build | Farm |
| 11:59 | Build | Farm |
| 12:18 | Research | Loom |
| 12:28 | Queue | Villager (Male) |
| 12:32 | Build | House |
| 12:33 | Build | House |
| 12:42 | Research | Double-Bit Axe |
| 12:42 | Research | Double-Bit Axe |
| 13:24 | Queue | Villager (Male) |
| 13:38 | Age | Castle Age |
| 13:43 | Build | Town Center |
| 13:52 | Build | Town Center |
| 13:58 | Queue | Villager (Male) |
| 14:15 | Research | Bow Saw |
| 14:15 | Research | Bow Saw |
| 14:18 | Queue | Villager (Male) |
| 14:34 | Build | Farm |
| 14:47 | Queue | Villager (Male) |
| 14:49 | Build | Farm |
| 15:10 | Build | Farm |
| 15:14 | Queue | Villager (Male) |
| 15:22 | Queue | Villager (Male) |
| 15:25 | Build | Farm |
| 15:33 | Queue | Villager (Male) |
| 15:39 | Build | Farm |
| 15:43 | Build | Farm |
| 15:46 | Queue | Villager (Male) |
| 15:46 | Queue | Villager (Male) |
| 15:55 | Queue | Villager (Male) |
| 15:55 | Queue | Villager (Male) |
| 16:05 | Build | Farm |
| 16:09 | Build | Farm |
| 16:12 | Queue | Villager (Male) |
| 16:12 | Queue | Villager (Male) |
| 16:20 | Build | Farm |
| 16:22 | Queue | Villager (Male) |
| 16:22 | Queue | Villager (Male) |
| 16:24 | Build | Farm |
| 16:32 | Queue | Villager (Male) |
| 16:32 | Queue | Villager (Male) |
| 16:42 | Build | Farm |
| 16:44 | Queue | Villager (Male) |
| 16:44 | Queue | Villager (Male) |
| 16:48 | Build | Farm |
| 16:53 | Queue | Villager (Male) |
| 16:54 | Queue | Villager (Male) |
| 16:56 | Build | Farm |
| 17:02 | Queue | Villager (Male) |
| 17:02 | Queue | Villager (Male) |
| 17:05 | Build | Farm |
| 17:12 | Build | House |
| 17:13 | Build | House |
| 17:14 | Queue | Villager (Male) |
| 17:14 | Queue | Villager (Male) |
| 17:20 | Queue | Villager (Male) |
| 17:25 | Build | Farm |
| 17:30 | Queue | Villager (Male) |
| 17:30 | Queue | Villager (Male) |
| 17:30 | Queue | Villager (Male) |
| 17:42 | Queue | Villager (Male) |
| 17:52 | Queue | Villager (Male) |
| 17:52 | Queue | Villager (Male) |
| 17:54 | Build | House |
| 17:54 | Queue | Villager (Male) |
| 17:54 | Queue | Villager (Male) |
| 18:01 | Build | Town Center |
| 18:04 | Queue | Villager (Male) |
| 18:04 | Queue | Villager (Male) |
| 18:05 | Queue | Villager (Male) |
| 18:13 | Queue | Villager (Male) |
| 18:13 | Queue | Villager (Male) |
| 18:16 | Queue | Villager (Male) |
| 18:17 | Queue | Villager (Male) |
| 18:23 | Queue | Villager (Male) |
| 18:24 | Build | Farm |
| 18:25 | Build | Farm |
| 18:25 | Build | Farm |
| 18:25 | Build | Farm |
| 18:30 | Build | House |
| 18:37 | Queue | Villager (Male) |
| 18:38 | Queue | Villager (Male) |
| 18:42 | Queue | Villager (Male) |
| 18:42 | Queue | Villager (Male) |
| 18:46 | Queue | Villager (Male) |
| 18:47 | Queue | Villager (Male) |
| 18:55 | Queue | Villager (Male) |
| 18:55 | Queue | Villager (Male) |
| 19:00 | Build | Farm |
| 19:06 | Queue | Villager (Male) |
| 19:12 | Build | House |
| 19:13 | Build | House |
| 19:14 | Queue | Villager (Male) |
| 19:14 | Queue | Villager (Male) |
| 19:22 | Queue | Villager (Male) |
| 19:22 | Queue | Villager (Male) |
Build order — PJtheDcoy
First 150 of 367 actions detected
| 0:00 | Queue | Villager (Male) |
| 0:01 | Queue | Villager (Male) |
| 0:01 | Queue | Villager (Male) |
| 0:01 | Queue | Villager (Male) |
| 0:03 | Build | House |
| 0:05 | Build | House |
| 1:24 | Queue | Villager (Male) |
| 1:44 | Build | Lumber Camp |
| 1:51 | Build | Lumber Camp |
| 2:01 | Queue | Villager (Male) |
| 2:16 | Queue | Villager (Male) |
| 2:53 | Queue | Villager (Male) |
| 3:07 | Queue | Villager (Male) |
| 3:28 | Build | House |
| 3:39 | Queue | Villager (Male) |
| 4:00 | Queue | Villager (Male) |
| 4:31 | Queue | Villager (Male) |
| 4:50 | Queue | Villager (Male) |
| 5:20 | Queue | Villager (Male) |
| 5:29 | Build | Mill |
| 5:34 | Queue | Villager (Male) |
| 5:34 | Queue | Villager (Male) |
| 5:35 | Queue | Villager (Male) |
| 5:44 | Build | House |
| 6:47 | Queue | Villager (Male) |
| 6:47 | Queue | Villager (Male) |
| 7:15 | Queue | Villager (Male) |
| 7:15 | Queue | Villager (Male) |
| 7:15 | Queue | Villager (Male) |
| 7:39 | Build | Mining Camp |
| 8:04 | Build | House |
| 8:29 | Build | Mining Camp |
| 9:06 | Research | Feudal Age |
| 9:28 | Queue | Villager (Male) |
| 9:28 | Queue | Villager (Male) |
| 11:21 | Age | Feudal Age |
| 11:23 | Build | Blacksmith |
| 11:32 | Build | Market |
| 11:35 | Queue | Villager (Male) |
| 11:38 | Research | Loom |
| 12:41 | Build | Farm |
| 12:42 | Build | Farm |
| 13:09 | Queue | Villager (Male) |
| 13:15 | Queue | Villager (Male) |
| 13:21 | Build | Farm |
| 13:21 | Build | Farm |
| 13:29 | Build | House |
| 13:29 | Build | House |
| 13:47 | Build | Farm |
| 13:48 | Build | Farm |
| 14:00 | Queue | Villager (Male) |
| 14:09 | Research | Castle Age |
| 14:39 | Build | Farm |
| 14:39 | Build | Farm |
| 14:40 | Build | Farm |
| 14:41 | Build | Farm |
| 14:56 | Research | Double-Bit Axe |
| 14:58 | Research | Horse Collar |
| 15:30 | Queue | Villager (Male) |
| 15:50 | Build | Farm |
| 16:49 | Age | Castle Age |
| 17:01 | Build | Castle |
| 17:04 | Queue | Villager (Male) |
| 17:04 | Queue | Villager (Male) |
| 17:23 | Build | Town Center |
| 17:32 | Build | Farm |
| 17:32 | Build | Farm |
| 17:32 | Build | Farm |
| 17:33 | Build | Farm |
| 17:42 | Queue | Villager (Male) |
| 17:43 | Queue | Villager (Male) |
| 17:45 | Research | Forging |
| 17:45 | Research | Scale Mail Armor |
| 17:54 | Research | Gold Mining |
| 18:11 | Build | Farm |
| 18:15 | Queue | Gbeto |
| 18:20 | Queue | Gbeto |
| 18:33 | Build | Siege Workshop |
| 18:42 | Queue | Villager (Male) |
| 18:48 | Queue | Gbeto |
| 19:01 | Queue | Gbeto |
| 19:14 | Queue | Villager (Male) |
| 19:21 | Queue | Battering Ram |
| 19:24 | Queue | Gbeto |
| 19:25 | Queue | Gbeto |
| 19:40 | Build | Farm |
| 19:45 | Queue | Villager (Male) |
| 19:50 | Queue | Gbeto |
| 19:56 | Queue | Battering Ram |
| 19:58 | Queue | Villager (Male) |
| 20:19 | Queue | Villager (Male) |
| 20:22 | Queue | Gbeto |
| 20:32 | Build | Barracks |
| 20:39 | Queue | Villager (Male) |
| 20:40 | Queue | Gbeto |
| 20:59 | Build | Farm |
| 21:01 | Queue | Villager (Male) |
| 21:02 | Queue | Villager (Male) |
| 21:03 | Queue | Gbeto |
| 21:18 | Queue | Gbeto |
| 21:23 | Queue | Villager (Male) |
| 21:29 | Queue | Gbeto |
| 21:35 | Build | Farm |
| 21:41 | Build | Farm |
| 21:42 | Build | Farm |
| 21:55 | Research | Squires |
| 22:18 | Build | Farm |
| 22:19 | Queue | Villager (Male) |
| 22:20 | Queue | Villager (Male) |
| 22:27 | Queue | Villager (Male) |
| 22:27 | Queue | Villager (Male) |
| 22:29 | Queue | Gbeto |
| 22:51 | Queue | Gbeto |
| 22:51 | Queue | Gbeto |
| 23:05 | Queue | Villager (Male) |
| 23:35 | Queue | Gbeto |
| 23:36 | Queue | Gbeto |
| 24:07 | Queue | Gbeto |
| 24:08 | Queue | Gbeto |
| 24:19 | Build | Gate |
| 24:25 | Queue | Gbeto |
| 24:25 | Queue | Gbeto |
| 24:28 | Queue | Battering Ram |
| 24:31 | Queue | Villager (Male) |
| 24:31 | Queue | Villager (Male) |
| 24:34 | Research | Wheelbarrow |
| 24:36 | Queue | Villager (Male) |
| 24:40 | Build | Farm |
| 24:41 | Build | Farm |
| 24:48 | Build | House |
| 24:48 | Build | House |
| 24:49 | Build | House |
| 24:49 | Build | House |
| 25:05 | Research | Arson |
| 25:28 | Build | University |
| 25:34 | Queue | Villager (Male) |
| 25:35 | Queue | Villager (Male) |
| 25:42 | Research | Heavy Plow |
| 25:50 | Build | Town Center |
| 25:55 | Queue | Gbeto |
| 25:56 | Queue | Gbeto |
| 27:09 | Queue | Gbeto |
| 27:10 | Queue | Gbeto |
| 27:10 | Queue | Villager (Male) ×5 |
| 27:11 | Queue | Villager (Male) |
| 27:14 | Queue | Villager (Male) |
| 28:21 | Queue | Gbeto |
| 28:22 | Queue | Gbeto |
| 28:26 | Build | Farm |
| 28:27 | Build | Farm |
Match timeline
| 9:14 | Fr4ggi · first_building Barracks |
| 9:48 | AML4554 · first_building Barracks |
| 10:05 | Goku. · age_up feudal |
| 10:51 | Fr4ggi · age_up feudal |
| 10:56 | Dariusz II · age_up feudal |
| 11:00 | Fr4ggi · first_building Stable |
| 11:06 | AML4554 · age_up feudal |
| 11:21 | PJtheDcoy · age_up feudal |
| 11:23 | Quando · age_up feudal |
| 11:33 | Relief · age_up feudal |
| 11:38 | AML4554 · first_building Stable |
| 11:52 | (JP) JR · age_up feudal |
| 12:32 | (JP) JR · first_building Barracks |
| 13:07 | (JP) JR · first_market_buy 100 food |
| 13:38 | Goku. · age_up castle |
| 13:50 | Goku. · first_market_buy 100 wood |
| 13:56 | (JP) JR · first_market_sell 100 wood |
| 14:28 | Dariusz II · age_up castle |
| 14:55 | AML4554 · age_up castle |
| 14:58 | Quando · age_up castle |
| 15:06 | Quando · first_market_sell 100 food |
| 15:07 | Quando · first_market_buy 100 stone |
| 15:07 | Fr4ggi · age_up castle |
| 15:10 | Relief · age_up castle |
| 15:13 | Quando · first_building Castle |
| 15:25 | AML4554 · first_building Monastery |
| 15:27 | Quando · first_building Siege Workshop |
| 15:45 | Relief · first_building Monastery |
| 16:38 | (JP) JR · age_up castle |
| 16:47 | (JP) JR · first_building Siege Workshop |
| 16:49 | PJtheDcoy · age_up castle |
| 17:00 | Dariusz II · wall_segment Stone Wall x1 |
| 17:01 | PJtheDcoy · first_building Castle |
| 17:01 | Dariusz II · wall_segment Stone Wall x1 |
| 17:10 | Dariusz II · first_market_buy 100 wood |
| 17:14 | Relief · first_building Castle |
| 17:15 | Dariusz II · first_building Siege Workshop |
| 18:33 | PJtheDcoy · first_building Siege Workshop |
| 19:58 | Goku. · first_building Monastery |
| 20:20 | Quando · first_building Monastery |
| 20:32 | PJtheDcoy · first_building Barracks |
| 21:03 | Dariusz II · wall_segment Stone Wall x8 |
| 21:33 | Dariusz II · first_building Monastery |
| 22:37 | Dariusz II · first_building Barracks |
| 22:55 | AML4554 · first_building Castle |
| 23:13 | Fr4ggi · first_building Siege Workshop |
| 23:52 | (JP) JR · wall_segment Stone Wall x4 |
| 24:21 | Dariusz II · wall_segment Stone Wall x6 |
| 24:21 | (JP) JR · first_building Castle |
| 24:29 | Dariusz II · wall_segment Stone Wall x9 |
| 24:52 | Goku. · first_building Castle |
| 24:59 | AML4554 · first_building Siege Workshop |
| 25:29 | Dariusz II · age_up imperial |
| 25:35 | (JP) JR · wall_segment Stone Wall x6 |
| 26:22 | Relief · first_building Barracks |
| 26:40 | Dariusz II · wall_segment Stone Wall x1 |
| 26:48 | (JP) JR · wall_segment Stone Wall x6 |
| 26:52 | (JP) JR · wall_segment Stone Wall x7 |
| 26:55 | (JP) JR · wall_segment Stone Wall x3 |
| 27:18 | AML4554 · tribute_sent a jugador 1 |
| 27:18 | AML4554 · tribute_sent a jugador 2 |
| 27:18 | AML4554 · tribute_sent a jugador 4 |
| 27:18 | AML4554 · tribute_sent a jugador 5 |
| 27:18 | AML4554 · tribute_sent a jugador 6 |
| 27:18 | AML4554 · tribute_sent a jugador 7 |
| 27:18 | AML4554 · tribute_sent a jugador 8 |
| 27:28 | (JP) JR · first_building Krepost |
| 27:36 | Relief · first_building Stable |
| 28:45 | Dariusz II · wall_segment Stone Wall x5 |
| 29:14 | Goku. · first_building Barracks |
| 29:24 | Goku. · age_up imperial |
| 29:25 | Quando · first_building Barracks |
| 29:42 | Quando · age_up imperial |
| 30:11 | Goku. · first_building Stable |
| 30:34 | Relief · first_building Archery Range |
| 30:42 | Fr4ggi · age_up imperial |
| 31:31 | Dariusz II · first_building Castle |
| 31:42 | AML4554 · first_market_sell 100 wood |
| 32:29 | Relief · age_up imperial |
| 33:05 | Goku. · tribute_sent a jugador 1 |
| 33:05 | Goku. · tribute_sent a jugador 2 |
| 33:05 | Goku. · tribute_sent a jugador 3 |
| 33:05 | Goku. · tribute_sent a jugador 4 |
| 33:05 | Goku. · tribute_sent a jugador 5 |
| 33:05 | Goku. · tribute_sent a jugador 6 |
| 33:05 | Goku. · tribute_sent a jugador 8 |
| 33:17 | AML4554 · age_up imperial |
| 33:26 | Goku. · first_market_sell 100 food |
| 35:09 | AML4554 · tribute_sent a jugador 1 |
| 35:09 | AML4554 · tribute_sent a jugador 2 |
| 35:09 | AML4554 · tribute_sent a jugador 4 |
| 35:09 | AML4554 · tribute_sent a jugador 5 |
| 35:09 | AML4554 · tribute_sent a jugador 6 |
| 35:09 | AML4554 · tribute_sent a jugador 7 |
| 35:09 | AML4554 · tribute_sent a jugador 8 |
| 35:33 | AML4554 · first_market_buy 100 wood |
| 35:36 | PJtheDcoy · first_building Stable |
| 36:11 | Goku. · tribute_sent a jugador 1 |
| 36:11 | Goku. · tribute_sent a jugador 2 |
| 36:11 | Goku. · tribute_sent a jugador 3 |
| 36:11 | Goku. · tribute_sent a jugador 4 |
| 36:11 | Goku. · tribute_sent a jugador 5 |
| 36:11 | Goku. · tribute_sent a jugador 6 |
| 36:11 | Goku. · tribute_sent a jugador 8 |
| 36:12 | PJtheDcoy · age_up imperial |
| 37:05 | Fr4ggi · first_building Castle |
| 37:07 | (JP) JR · resign |
| 37:15 | Dariusz II · tribute_sent a jugador 1 |
| 37:15 | Dariusz II · tribute_sent a jugador 2 |
| 37:15 | Dariusz II · tribute_sent a jugador 3 |
| 37:15 | Dariusz II · tribute_sent a jugador 4 |
| 37:15 | Dariusz II · tribute_sent a jugador 6 |
| 37:15 | Dariusz II · tribute_sent a jugador 7 |
| 37:15 | Dariusz II · tribute_sent a jugador 8 |
| 40:10 | PJtheDcoy · first_market_sell 500 food |
| 40:15 | Quando · first_building Archery Range |
| 40:32 | Quando · wall_segment Stone Wall x3 |
| 40:34 | Quando · wall_segment Stone Wall x3 |
| 40:36 | Quando · wall_segment Stone Wall x4 |
| 41:55 | Goku. · tribute_sent a jugador 1 |
| 41:55 | Goku. · tribute_sent a jugador 2 |
| 41:55 | Goku. · tribute_sent a jugador 3 |
| 41:55 | Goku. · tribute_sent a jugador 4 |
| 41:55 | Goku. · tribute_sent a jugador 5 |
| 41:55 | Goku. · tribute_sent a jugador 6 |
| 41:55 | Goku. · tribute_sent a jugador 8 |
| 41:56 | Dariusz II · tribute_sent a jugador 1 |
| 41:56 | Dariusz II · tribute_sent a jugador 2 |
| 41:56 | Dariusz II · tribute_sent a jugador 3 |
| 41:56 | Dariusz II · tribute_sent a jugador 4 |
| 41:56 | Dariusz II · tribute_sent a jugador 6 |
| 41:56 | Dariusz II · tribute_sent a jugador 7 |
| 41:56 | Dariusz II · tribute_sent a jugador 8 |
| 43:22 | Dariusz II · tribute_sent a jugador 1 |
| 43:22 | Dariusz II · tribute_sent a jugador 2 |
| 43:22 | Dariusz II · tribute_sent a jugador 3 |
| 43:22 | Dariusz II · tribute_sent a jugador 4 |
| 43:22 | Dariusz II · tribute_sent a jugador 6 |
| 43:22 | Dariusz II · tribute_sent a jugador 7 |
| 43:22 | Dariusz II · tribute_sent a jugador 8 |
| 44:01 | Goku. · tribute_sent a jugador 1 |
| 44:01 | Goku. · tribute_sent a jugador 2 |
| 44:01 | Goku. · tribute_sent a jugador 3 |
| 44:01 | Goku. · tribute_sent a jugador 4 |
| 44:01 | Goku. · tribute_sent a jugador 5 |
| 44:01 | Goku. · tribute_sent a jugador 6 |
| 44:01 | Goku. · tribute_sent a jugador 8 |
| 45:33 | PJtheDcoy · tribute_sent a jugador 1 |
| 45:33 | PJtheDcoy · tribute_sent a jugador 2 |
| 45:33 | PJtheDcoy · tribute_sent a jugador 3 |
| 45:33 | PJtheDcoy · tribute_sent a jugador 4 |
| 45:33 | PJtheDcoy · tribute_sent a jugador 5 |
| 45:33 | PJtheDcoy · tribute_sent a jugador 6 |
| 45:33 | PJtheDcoy · tribute_sent a jugador 7 |
| 45:41 | Fr4ggi · tribute_sent a jugador 1 |
| 45:41 | Fr4ggi · tribute_sent a jugador 2 |
| 45:41 | Fr4ggi · tribute_sent a jugador 3 |
| 45:41 | Fr4ggi · tribute_sent a jugador 4 |
| 45:41 | Fr4ggi · tribute_sent a jugador 5 |
| 45:41 | Fr4ggi · tribute_sent a jugador 7 |
| 45:41 | Fr4ggi · tribute_sent a jugador 8 |
| 49:03 | Dariusz II · tribute_sent a jugador 1 |
| 49:03 | Dariusz II · tribute_sent a jugador 2 |
| 49:03 | Dariusz II · tribute_sent a jugador 3 |
| 49:03 | Dariusz II · tribute_sent a jugador 4 |
| 49:03 | Dariusz II · tribute_sent a jugador 6 |
| 49:03 | Dariusz II · tribute_sent a jugador 7 |
| 49:03 | Dariusz II · tribute_sent a jugador 8 |
| 49:34 | AML4554 · wall_segment Palisade Wall x1 |
| 49:36 | AML4554 · wall_segment Palisade Wall x1 |
| 50:18 | Goku. · tribute_sent a jugador 1 |
| 50:18 | Goku. · tribute_sent a jugador 2 |
| 50:18 | Goku. · tribute_sent a jugador 3 |
| 50:18 | Goku. · tribute_sent a jugador 4 |
| 50:18 | Goku. · tribute_sent a jugador 5 |
| 50:18 | Goku. · tribute_sent a jugador 6 |
| 50:18 | Goku. · tribute_sent a jugador 8 |
| 50:27 | Relief · first_market_sell 500 food |
| 52:07 | Relief · wall_segment Stone Wall x4 |
| 52:37 | Quando · tribute_sent a jugador 1 |
| 52:37 | Quando · tribute_sent a jugador 3 |
| 52:37 | Quando · tribute_sent a jugador 4 |
| 52:37 | Quando · tribute_sent a jugador 5 |
| 52:37 | Quando · tribute_sent a jugador 6 |
| 52:37 | Quando · tribute_sent a jugador 7 |
| 52:37 | Quando · tribute_sent a jugador 8 |
| 54:09 | Goku. · tribute_sent a jugador 1 |
| 54:09 | Goku. · tribute_sent a jugador 2 |
| 54:09 | Goku. · tribute_sent a jugador 3 |
| 54:09 | Goku. · tribute_sent a jugador 4 |
| 54:09 | Goku. · tribute_sent a jugador 5 |
| 54:09 | Goku. · tribute_sent a jugador 6 |
| 54:09 | Goku. · tribute_sent a jugador 8 |
| 54:37 | PJtheDcoy · tribute_sent a jugador 1 |
| 54:37 | PJtheDcoy · tribute_sent a jugador 2 |
| 54:37 | PJtheDcoy · tribute_sent a jugador 3 |
| 54:37 | PJtheDcoy · tribute_sent a jugador 4 |
| 54:37 | PJtheDcoy · tribute_sent a jugador 5 |
| 54:37 | PJtheDcoy · tribute_sent a jugador 6 |
| 54:37 | PJtheDcoy · tribute_sent a jugador 7 |
| 55:07 | Relief · wall_segment Stone Wall x5 |
| 55:11 | Fr4ggi · first_market_sell 100 wood |
| 55:35 | Goku. · tribute_sent a jugador 1 |
| 55:35 | Goku. · tribute_sent a jugador 2 |
| 55:35 | Goku. · tribute_sent a jugador 3 |
| 55:35 | Goku. · tribute_sent a jugador 4 |
| 55:35 | Goku. · tribute_sent a jugador 5 |
| 55:35 | Goku. · tribute_sent a jugador 6 |
| 55:35 | Goku. · tribute_sent a jugador 8 |
| 57:24 | Goku. · first_building Archery Range |
| 59:44 | PJtheDcoy · first_building Archery Range |
| 62:07 | PJtheDcoy · tribute_sent a jugador 1 |
| 62:07 | PJtheDcoy · tribute_sent a jugador 2 |
| 62:07 | PJtheDcoy · tribute_sent a jugador 3 |
| 62:07 | PJtheDcoy · tribute_sent a jugador 4 |
| 62:07 | PJtheDcoy · tribute_sent a jugador 5 |
| 62:07 | PJtheDcoy · tribute_sent a jugador 6 |
| 62:07 | PJtheDcoy · tribute_sent a jugador 7 |
| 62:10 | Relief · tribute_sent a jugador 1 |
| 62:10 | Relief · tribute_sent a jugador 2 |
| 62:10 | Relief · tribute_sent a jugador 3 |
| 62:10 | Relief · tribute_sent a jugador 5 |
| 62:10 | Relief · tribute_sent a jugador 6 |
| 62:10 | Relief · tribute_sent a jugador 7 |
| 62:10 | Relief · tribute_sent a jugador 8 |
| 63:39 | Goku. · tribute_sent a jugador 1 |
| 63:39 | Goku. · tribute_sent a jugador 2 |
| 63:39 | Goku. · tribute_sent a jugador 3 |
| 63:39 | Goku. · tribute_sent a jugador 4 |
| 63:39 | Goku. · tribute_sent a jugador 5 |
| 63:39 | Goku. · tribute_sent a jugador 6 |
| 63:39 | Goku. · tribute_sent a jugador 8 |
[ AI ANALYSIS · 1 CREDIT ]
What really happened in this match?
Wolo.gg analyzes every decision: build order, eco, micro, common mistakes by bracket. Personalized analysis on WhatsApp or Discord in 30 seconds.
Civ guide
Jurchens
Perfil
Jugador #2141671